[Event "Late-Titled-Tuesday-Blitz-December-26-2023"]
[Site "Chess.com"]
[Date "2023.12.26"]
[Round "5"]
[White "thesupera12"]
[Black "BestestBP"]
[Result "1-0"]
[WhiteElo "2402"]
[BlackElo "2191"]
[TimeControl "180+1"]
[EndTime "14:54:54 PST"]
[Termination "thesupera12 won by checkmate"]

1. e4 e5 2. Nf3 Nc6 3. Bb5 a6 4.
Ba4 Nf6 5. O-O Be7 6. Re1 b5 7.
Bb3 d6 8. h3 Na5 9. c3 Nxb3 10. Qxb3 O-O 11. d4 exd4 12. cxd4 c6 13. Nc3 Be6 14. d5 Bd7 15. dxc6 Bxc6 16. Bf4 Qb6 17.
Rad1 Rad8 18. Nd4 Ba8 19. Nf5 Rfe8 20. Bg5 b4 21. Nxe7+ Rxe7 22. Bxf6 gxf6 23. Nd5 Bxd5 24. Rxd5 Rde8 25. Qg3+ Kh8 26. Rxd6 Qa5 27. Rxf6 b3 28. Ra1 bxa2 29. Qc3 Qxc3 30. bxc3 Rxe4 31. Rxa2 Kg7 32. Rfxa6 Re1+ 33. Kh2 Rc1 34. Rc6 Ree1 35. Rc7 Rh1+ 36. Kg3 Rhd1 37. Raa7 Rd3+ 38. f3 Rdxc3 39. Rxf7+ Kg6 40.
Rg7+ Kf5 41. Rxh7 Ke5 42. Rh5+ Kd4 43. Rd7+ Ke3 44. Re5# 1-0

[Event "Late-Titled-Tuesday-Blitz-December-26-2023"]
[Site "Chess.com"]
[Date "2023.12.26"]
[Round "5"]
[White "IlanSchnaider"]
[Black "AGW2016"]
[Result "0-1"]
[WhiteElo "2675"]
[BlackElo "2575"]
[TimeControl "180+1"]
[EndTime "14:54:56 PST"]
[Termination "AGW2016 won by resignation"]

1. e4 e5 2. Nf3 Nc6 3. d4 exd4 4. Nxd4 Nf6 5. Nxc6 bxc6 6. e5 Qe7 7. Qe2 Nd5 8.
h4 f6 9. Rh3 Qxe5 10. c4 Qxe2+ 11. Bxe2 Nb4 12. Na3 Bc5 13. Be3 Bxe3 14. Rxe3+ Kf7 15.
O-O-O d6 16. Bf3 Bd7 17. Nc2 a5 18. a3 Nxc2 19. Kxc2 Rhe8 20. Rde1 Rxe3 21. Rxe3 Rb8 22. Kc3 c5 23. b3 Re8 24. Be4 f5 25. Bd5+ Kf6 26. Rxe8 Bxe8 27. f4 h6 28. Bf3 Ke7 29.
g3 Kd8 30. Be2 Kc8 31. Bd3 Bd7 32. Bf1 Bc6 33. Bd3 Be4 34. Be2 Kd7 35. Bh5 Ke7 36. Be2 c6 37. Bd1 d5 38. cxd5 cxd5 39. Be2 Kd6 40.
Bf1 d4+ 41. Kd2 Bd5 42. Kc2 Be4+ 43. Kd2 Bd5 44. Kc2 a4 45. bxa4 c4 46. a5 Kc5 47. a6 Be4+ 48. Kd2 c3+ 49. Kc1 d3 50. a7 Kd4 51. Bxd3 Kxd3 52. a4 Kc4 53. a5 Kb5 54. a6 Kxa6 55. a8=Q+ Bxa8 56. Kc2 Kb5 57. Kxc3 Kc5 58. Kd3 Be4+ 59. Ke3 h5 60. g4 hxg4 61. h5 g3 62. h6 gxh6 63. Ke2 h5 64. Kf1 h4 65. Kg1 h3 66. Kf1 h2 67. Ke2 Kd4 68. Kd2 0-1

[Event "Late-Titled-Tuesday-Blitz-December-26-2023"]
[Site "Chess.com"]
[Date "2023.12.26"]
[Round "5"]
[White "chenxiaoyuer"]
[Black "Misticpikachu"]
[Result "1/2-1/2"]
[WhiteElo "2712"]
[BlackElo "2473"]
[TimeControl "180+1"]
[EndTime "14:54:57 PST"]
[Termination "Game drawn - insufficient material"]

1. e4 c5 2. Nf3 e6 3. d4 cxd4 4. Nxd4 Nf6 5. Nc3 Nc6 6. Ndb5 Bb4 7. a3 Bxc3+ 8. Nxc3 d5 9. exd5 exd5 10. Bd3 O-O 11. O-O d4 12. Ne2 Bg4 13. h3 Bxe2 14. Bxe2 Qd6 15. Bf3 Ne5 16. Bxb7 Rab8 17. Bf3 Nxf3+ 18.
Qxf3 Qc5 19. c3 dxc3 20. Qxc3 Qxc3 21. bxc3 Rb3 22. Be3 a6 23. Bd4 Ne4 24. Rfb1 Rfb8 25. Rxb3 Rxb3 26. Re1 f5 27. f3 Nxc3 28. Re7 Kf8 29.
Bc5 Na4 30. Bd6 Rb6 31. Re4+ Rxd6 32. Rxa4 Kf7 33. Ra5 g6 34. Kf2 Rd2+ 35. Kg3 Rd6 36. Kf4 Kf6 37. h4 h6 38. g3 Rb6 39. g4 fxg4 40. fxg4 Rc6 41. Ra4 Rb6 42. Rd4 Rc6 43. a4 Rb6 44. a5 Rc6 45. Rb4 Ke7 46. h5 gxh5 47. gxh5 Rc5 48. Rb7+ Kd8 49. Rb6 Rxh5 50. Rxa6 Kc7 51. Rg6 Kb7 52. a6+ Ka7 53. Rf6 Rh1 54. Kg4 h5+ 55. Kg5 h4 56. Kg4 h3 57. Kg3 h2 58. Kg2 Rg1+ 59. Kxh2 Ra1 60. Kg3 Rxa6 61. Rf7+ Kb6 62. Kf4 Ra1 63. Ke4 Re1+ 64. Kd4 Rd1+ 65. Kc4 Rc1+ 66. Kb3 Rb1+ 67. Kc3 Rc1+ 68. Kb2 Rh1 69.
Rf6+ Kc5 70. Rf2 Rh4 71. Rd2 Rd4 72. Rxd4 Kxd4 1/2-1/2

[Event "Late-Titled-Tuesday-Blitz-December-26-2023"]
[Site "Chess.com"]
[Date "2023.12.26"]
[Round "5"]
[White "Sacbutt"]
[Black "ZuraTqebuchava"]
[Result "1-0"]
[WhiteElo "2356"]
[BlackElo "2175"]
[TimeControl "180+1"]
[EndTime "14:54:57 PST"]
[Termination "Sacbutt won on time"]

1. e4 g6 2. d4 Bg7 3. Nc3 c6 4. Be2 d6 5. Be3 Nd7 6. g4 b5 7.
a3 Nb6 8. h4 h6 9. h5 g5 10. f4 gxf4 11. Bxf4 Nc4 12. Bxc4 bxc4 13. Qf3 Qb6 14. Nge2 Nf6 15. g5 hxg5 16. Bxg5 Bg4 17. Qe3 Bxe2 18. Nxe2 Qxb2 19. Kd2 Qb6 20. h6 Bf8 21.
Bxf6 exf6 22. h7 Qa5+ 23. Qc3 Qxc3+ 24. Kxc3 Kd7 25. Kxc4 Be7 26. Rag1 d5+ 27. exd5 cxd5+ 28. Kxd5 Rac8 29. c4 Rb8 30. Rg7 Rb2 31. Nc3 Rc2 32. Ne4 Re2 33. Nc5+ Bxc5 34. Kxc5 Ke7 35. Rg8 1-0

[Event "Late-Titled-Tuesday-Blitz-December-26-2023"]
[Site "Chess.com"]
[Date "2023.12.26"]
[Round "5"]
[White "kikoveiga"]
[Black "Schwindle"]
[Result "1-0"]
[WhiteElo "2532"]
[BlackElo "2382"]
[TimeControl "180+1"]
[EndTime "14:54:58 PST"]
[Termination "kikoveiga won by checkmate"]

1. c4 Nf6 2. Nc3 e6 3. e4 d6 4.
d4 Nc6 5. Nf3 Be7 6. Be2 O-O 7.
O-O e5 8. d5 Nb8 9. h3 Nbd7 10. Be3 Re8 11. b4 Nf8 12. Ne1 Ng6 13. Nd3 a5 14. a3 Bd7 15. c5 Qc8 16. cxd6 cxd6 17. Rc1 Bxh3 18. Na4 Qd8 19. gxh3 Nxe4 20. Nb6 Rb8 21. bxa5 f5 22. f4 Ng3 23. Rf2 e4 24. Ne1 Nh4 25. Bb5 Rf8 26. Ng2 Nf3+ 27. Rxf3 exf3 28.
Qxf3 Ne4 29. a4 Rf6 30. Nd7 Rg6 31. Nxb8 Qxb8 32. Bd3 Rg3 33. Bxe4 Rxf3 34. Bxf3 Qe8 35. Bd1 Bf6 36. Bc2 h5 37. Bxf5 Qxa4 38. Bg6 Kf8 39. Rc8+ Ke7 40. Bb6 Qa1+ 41. Kh2 Bd4 42. Re8+ Kf6 43.
Re6# 1-0

[Event "Late-Titled-Tuesday-Blitz-December-26-2023"]
[Site "Chess.com"]
[Date "2023.12.26"]
[Round "5"]
[White "Onthequiet"]
[Black "IngOscarArdila"]
[Result "1-0"]
[WhiteElo "2429"]
[BlackElo "2319"]
[TimeControl "180+1"]
[EndTime "14:54:58 PST"]
[Termination "Onthequiet won by resignation"]

1. d4 Nf6 2. Nf3 e6 3. c4 Be7 4. Nc3 O-O 5. Qc2 d6 6. g3 Nbd7 7. Bg2 c6 8. O-O Qc7 9. b3 Re8 10. Bb2 Nf8 11. e4 Ng6 12. Rfe1 e5 13. d5 cxd5 14.
exd5 a6 15. a4 Bg4 16. h3 Bd7 17. a5 Qc8 18. Kh2 Bf5 19. Qc1 Bd8 20. Ng5 h6 21. Nge4 Nxe4 22. Nxe4 b6 23. Nxd6 Qd7 24. Nxe8 Qxe8 25.
f4 e4 26. axb6 Bxb6 27. Qc3 f6 28. c5 Rc8 29. b4 a5 30. Qb3 Ba7 31. Rxa5 Bb8 32. d6+ Kh7 33. Qd5 Bd7 34. Qxe4 Qf7 35.
Qd5 Qf8 36. b5 Qd8 37. Bc3 Nf8 38. Re7 Be6 39. Rxe6 Nxe6 40. Qxe6 Rxc5 41. Be4+ Kh8 42.
Bd4 f5 43. Bxc5 fxe4 44. Ra8 Qc8 45. Qxc8+ 1-0

[Event "Late-Titled-Tuesday-Blitz-December-26-2023"]
[Site "Chess.com"]
[Date "2023.12.26"]
[Round "5"]
[White "AkatsukiLogHorizon"]
[Black "Fore_Man"]
[Result "1-0"]
[WhiteElo "2226"]
[BlackElo "2387"]
[TimeControl "180+1"]
[EndTime "14:54:58 PST"]
[Termination "AkatsukiLogHorizon won by checkmate"]

1. e4 c5 2. Nf3 g6 3. d4 cxd4 4.
Qxd4 Nf6 5. e5 Nc6 6. Qa4 Nd5 7. c4 Nc7 8. Nc3 Bg7 9. Bf4 Ne6 10. Bg3 O-O 11.
O-O-O Qa5 12. Qxa5 Nxa5 13. Nd5 Nc6 14. Bd3 Nc5 15. Bc2 Ne6 16. Rhe1 f6 17. exf6 exf6 18. Bd6 Rf7 19. Bb3 Na5 20. Kc2 Nxb3 21. axb3 b6 22.
Nd4 Nxd4+ 23. Rxd4 Bb7 24. Nc7 Rc8 25. f3 f5 26. Rd3 a6 27. Nd5 b5 28. Ne7+ Rxe7 29.
Rxe7 bxc4 30. bxc4 Rxc4+ 31. Kb3 Rc6 32. Rxd7 Bc8 33. Rd8+ Kf7 34. Ba3 Be6+ 35. Ka4 Rd6 36. R8xd6 Bc4 37. Rd7+ Kg8 38. Rd8+ Kf7 39. R3d7+ Kf6 40.
Be7+ Ke6 41. Ka3 Bb5 42. Ra7 Be5 43. Rd1 Bxh2 44. Rh1 Bb8 45. Rb7 Be5 46. Rxb5 axb5 47. Rxh7 Bd4 48. Bb4 Kd5 49. Bc3 Bc5+ 50. Kb3 Be3 51.
Rd7+ Ke6 52. Rb7 g5 53. Rxb5 Bf4 54. Kc2 g4 55. Kd3 gxf3 56. gxf3 Bd6 57. b4 Kd7 58. Rxf5 Be7 59. Rd5+ Ke6 60. Re5+ Kd6 61. Re4 Bg5 62. f4 Bh4 63. f5 Bg5 64. f6 Bh6 65. f7 Kd7 66. b5 Kc7 67. Re6 Kd7 68. Rxh6 Ke7 69. Rf6 Kf8 70. Bb4+ Kg7 71. f8=Q+ Kh7 72. Rh6# 1-0

[Event "Late-Titled-Tuesday-Blitz-December-26-2023"]
[Site "Chess.com"]
[Date "2023.12.26"]
[Round "5"]
[White "rdarruda"]
[Black "Fradi82"]
[Result "1/2-1/2"]
[WhiteElo "2508"]
[BlackElo "2311"]
[TimeControl "180+1"]
[EndTime "14:54:59 PST"]
[Termination "Game drawn by repetition"]

1. d4 d5 2. Nf3 c6 3. c4 e6 4. e3 f5 5. Be2 Nf6 6. O-O Bd6 7. b3 O-O 8. Ba3 Bxa3 9. Nxa3 Qe7 10. Nc2 Ne4 11. Nce1 Nd7 12. Nd3 g5 13. Nfe5 Nxe5 14.
Nxe5 Bd7 15. f3 Nf6 16. Rc1 Be8 17. g4 fxg4 18. fxg4 Bg6 19. Bd3 Bxd3 20. Qxd3 Ne4 21. Rxf8+ Rxf8 22. Rf1 Rxf1+ 23. Qxf1 Qf6 24. Qxf6 Nxf6 25.
Kf2 Ne4+ 26. Kf3 Kg7 27. cxd5 exd5 28. Nd3 Kf6 29. b4 b6 30. a3 Ke6 31. Ke2 Nc3+ 32. Ke1 Nb5 33. a4 Nd6 34. Nb2 a5 35. bxa5 bxa5 36.
Ke2 Ne4 37. Ke1 c5 38. dxc5 Nxc5 39. Ke2 Ke5 40. Nd3+ Nxd3 41. Kxd3 h6 42. h3 Ke6 43. Kd4 Kd6 44. Kd3 Kc5 45. Kc3 Kc6 46. Kd4 Kd6 47.
Kd3 Kc5 48. Kc3 Kc6 49. Kd4 Kd6 1/2-1/2

[Event "Late-Titled-Tuesday-Blitz-December-26-2023"]
[Site "Chess.com"]
[Date "2023.12.26"]
[Round "5"]
[White "MasterofMasters2006"]
[Black "FREZZY23"]
[Result "0-1"]
[WhiteElo "2076"]
[BlackElo "2391"]
[TimeControl "180+1"]
[EndTime "14:55:00 PST"]
[Termination "FREZZY23 won by resignation"]

1. d4 Nf6 2. c4 g6 3. Nc3 Bg7 4. e4 d6 5. f3 O-O 6. Be3 c5 7.
d5 e6 8. Qd2 exd5 9. cxd5 a6 10. a4 Qa5 11. Nge2 b5 12. Nc1 b4 13. N3e2 Nbd7 14.
Ng3 Qc7 15. Be2 a5 16. O-O c4 17. Qc2 Ba6 18. Rd1 Rac8 19. Bf1 Ne5 20. Nce2 Nfd7 21. Nd4 Nd3 22. Nc6 N7e5 23. Nxe5 Bxe5 24. f4 Bxf4 25.
Bxf4 Nxf4 26. Rac1 Qa7+ 27. Qf2 Qxf2+ 28. Kxf2 Nd3+ 29.
Bxd3 cxd3 30. Ke3 Rc2 31. b3 Rc3 32. Rb1 Rfc8 33. Nf1 Rc2 34. Rd2 Kg7 35. g4 Kf6 36. h4 Ke5 37. Rbd1 f5 38. gxf5 gxf5 39. Nh2 fxe4 40. Ng4+ Kxd5 41. Nf6+ Ke5 42. Nxe4 d5 43. Ng5 Rxd2 44. Rxd2 h6 45. Nf3+ Kd6 46. Kd4 Rc3 47. Rb2 Rc2 48. Rb1 Rf2 49. Ne5 Rf4+ 50. Ke3 Kxe5 0-1

[Event "Late-Titled-Tuesday-Blitz-December-26-2023"]
[Site "Chess.com"]
[Date "2023.12.26"]
[Round "5"]
[White "baag"]
[Black "h4parah5"]
[Result "0-1"]
[WhiteElo "2841"]
[BlackElo "2933"]
[TimeControl "180+1"]
[EndTime "14:55:01 PST"]
[Termination "h4parah5 won by resignation"]

1. d4 Nf6 2. c4 e6 3. Nc3 d5 4.
cxd5 exd5 5. Bg5 c6 6. e3 h6 7.
Bh4 Be6 8. Bd3 Nbd7 9. Nge2 g5 10. Bg3 Nh5 11. O-O Nxg3 12. Nxg3 Nf6 13. f4 gxf4 14.
exf4 Qc7 15. Bf5 Bxf5 16. Nxf5 O-O-O 17. Qd3 Kb8 18. a3 h5 19. b4 h4 20. Rae1 Rh5 21. Re5 Ng4 22. Qe2 Nxe5 23. Qxh5 Ng6 24. Qg5 Re8 25. Qg4 a5 26. Nxh4 Nxh4 27. Qxh4 axb4 28. axb4 Bxb4 29. Qg3 Qb6 30. Qd3 Qa5 31. Ne2 Bd2 32. Ng3 Be3+ 33. Kh1 Qd2 34. Qf5 Bxd4 35. h4 Re1 36.
Rxe1 Qxe1+ 37. Kh2 Bf2 38. Qe5+ Qxe5 39. fxe5 Bd4 40.
e6 fxe6 41. Ne2 Be5+ 42. Kg1 b5 43. g4 b4 44. Nc1 c5 45. Nd3 Bd4+ 46. Kf1 b3 47.
Ke2 c4 0-1

[Event "Late-Titled-Tuesday-Blitz-December-26-2023"]
[Site "Chess.com"]
[Date "2023.12.26"]
[Round "5"]
[White "SnekkerAndersen"]
[Black "SergioMoralesG"]
[Result "1-0"]
[WhiteElo "2571"]
[BlackElo "2410"]
[TimeControl "180+1"]
[EndTime "14:55:01 PST"]
[Termination "SnekkerAndersen won by checkmate"]

1. a3 d5 2. h3 e5 3. d3 Nf6 4. e3 Be7 5. Nc3 d4 6. Ne4 Nxe4 7. dxe4 c5 8. Nf3 Nc6 9. Bc4 Qc7 10. O-O Bd7 11. Bd2 O-O 12. exd4 cxd4 13. Qe2 Na5 14. Bd3 f6 15. Nh4 Rac8 16. Nf5 Bxf5 17. exf5 Nc4 18. Bc1 Nd6 19. Qg4 Rfe8 20. Re1 Bf8 21. f3 e4 22.
fxe4 Nf7 23. Bf4 Bd6 24. Rf1 Bxf4 25. Qxf4 Qxf4 26. Rxf4 Ne5 27. Rf2 Rc5 28. Rd2 Rec8 29. Rad1 h6 30. Kf2 Kf8 31. Re1 Ke7 32. Ke2 Kd6 33.
Kd1 Nf7 34. h4 Ke5 35. Kc1 Nd6 36. Kb1 a5 37. g3 b5 38. Red1 Rb8 39. Bf1 Nxe4 40.
Rxd4 b4 41. Bg2 Nxg3 42. Rg4 Nxf5 43. Re4# 1-0

[Event "Late-Titled-Tuesday-Blitz-December-26-2023"]
[Site "Chess.com"]
[Date "2023.12.26"]
[Round "5"]
[White "ShahMatKanal"]
[Black "aa175"]
[Result "0-1"]
[WhiteElo "2523"]
[BlackElo "2659"]
[TimeControl "180+1"]
[EndTime "14:55:02 PST"]
[Termination "aa175 won on time"]

1. e4 e5 2. Nf3 Nf6 3. Nxe5 Nxe4 4. Qe2 Qe7 5. Qxe4 d6 6. d4 dxe5 7. dxe5 Nc6 8. Bb5 Bd7 9. O-O O-O-O 10. Nc3 Nxe5 11.
Bf4 Bxb5 12. Nxb5 Ng6 13. Qf5+ Qd7 14. Nxa7+ Kb8 15. Qxd7 Rxd7 16. Be3 c6 17. Rad1 Bd6 18. Rd4 Rhd8 19. Rfd1 Kc7 20. Kf1 Ne7 21. Rxd6 Rxd6 22.
Bf4 Nd5 23. Bg3 b5 24. b3 Kb7 25. Bxd6 Rxd6 26. Ke1 Kxa7 27. c4 Re6+ 28. Kd2 bxc4 29.
bxc4 Nb6 30. Kc3 Re2 31. Rd6 Rxa2 32. Rxc6 Rxf2 33. Rc7+ Kb8 34. Re7 Nc8 35. Rd7 h5 36.
h3 h4 37. Kb4 Rf4 38. Kb5 Rxc4 39. Kxc4 Nb6+ 40. Kc5 Nxd7+ 41. Kd6 Kc8 42. Ke7 Ne5 43.
Kf8 g6 44. Ke7 Kc7 45. Kf6 Kd6 46. Kg5 Ke6 47. Kxh4 Kf5 48. Kg3 g5 49. Kf2 Ng6 50. g3 Ke4 51. h4 gxh4 52. gxh4 Nxh4 53. Kg3 Nf5+ 54. Kf2 Kf4 55. Ke2 Ng3+ 56. Kf2 Ne4+ 57. Ke2 f5 58. Kf1 Kf3 59. Kg1 Nd2 60. Kh2 f4 61.
Kg1 Kg3 62. Kh1 f3 63. Kg1 f2+ 0-1

[Event "Late-Titled-Tuesday-Blitz-December-26-2023"]
[Site "Chess.com"]
[Date "2023.12.26"]
[Round "5"]
[White "WindWhistler11"]
[Black "GothamChess"]
[Result "1-0"]
[WhiteElo "2504"]
[BlackElo "2680"]
[TimeControl "180+1"]
[EndTime "14:55:07 PST"]
[Termination "WindWhistler11 won by checkmate"]

1. a3 g6 2. b4 Bg7 3. c3 d6 4. d4 Nd7 5. Nf3 Ngf6 6. e3 O-O 7.
Be2 c5 8. O-O b6 9. Bb2 Bb7 10.
Nbd2 a5 11. c4 Ne4 12. Nxe4 Bxe4 13. Nd2 Bb7 14. Bc3 a4 15. Rb1 cxd4 16. Bxd4 e5 17. Ba1 Qc7 18. Rc1 f5 19. Nb1 Nf6 20. Nc3 Kh8 21. Nb5 Qc6 22. Bf3 e4 23. Be2 Rfd8 24.
Qd2 d5 25. c5 bxc5 26. Rxc5 Qb6 27. Bd4 Ba6 28. Nc7 Bxe2 29. Nxa8 Qa6 30. b5 Qxa8 31. Qxe2 Qb8 32. Rfc1 Ng4 33. g3 Bxd4 34. exd4 Qd6 35. Qc2 Kg7 36. Rc6 Qxa3 37. Rc7+ Kh6 38. Qd2+ e3 39. fxe3 g5 40. R1c6+ Kh5 41. Rxh7+ Nh6 42. Rhxh6+ Kg4 43. Qe2# 1-0

[Event "Late-Titled-Tuesday-Blitz-December-26-2023"]
[Site "Chess.com"]
[Date "2023.12.26"]
[Round "5"]
[White "GoValya"]
[Black "Predator0608"]
[Result "0-1"]
[WhiteElo "2304"]
[BlackElo "2528"]
[TimeControl "180+1"]
[EndTime "14:55:07 PST"]
[Termination "Predator0608 won by checkmate"]

1. d4 Nf6 2. c4 g6 3. Nf3 Bg7 4. Nc3 O-O 5. e4 d6 6. Be2 e5 7. O-O a5 8. h3 Qe7 9. dxe5 dxe5 10. Be3 Rd8 11. Qc2 Na6 12. Nd5 Qe8 13. a3 c6 14.
Nb6 Rb8 15. Rfd1 Be6 16. Rxd8 Rxd8 17. Rd1 Rxd1+ 18. Bxd1 Nd7 19. Nxd7 Qxd7 20. Be2 f5 21.
Ng5 fxe4 22. Nxe6 Qxe6 23. Qxe4 Qd6 24. Bg4 h6 25. c5 Qf6 26. Qc4+ Kh7 27. Qb3 Qe7 28. Qc2 Nc7 29. Bh5 Qe6 30. Bg4 Qf6 31. Bf3 Nd5 32. Bd2 a4 33. Be4 Ne7 34. b4 axb3 35.
Qxb3 Nf5 36. Qxb7 Nd4 37. Qc7 Ne2+ 38. Kh2 Qxf2 39. Bxg6+ Kxg6 40. Qxc6+ Kh7 41. Qe4+ Kh8 42. Qa8+ Bf8 43. Qe4 Qg1# 0-1

[Event "Late-Titled-Tuesday-Blitz-December-26-2023"]
[Site "Chess.com"]
[Date "2023.12.26"]
[Round "5"]
[White "DanielNaroditsky"]
[Black "Dedic8"]
[Result "1-0"]
[WhiteElo "3111"]
[BlackElo "2843"]
[TimeControl "180+1"]
[EndTime "14:55:08 PST"]
[Termination "DanielNaroditsky won by checkmate"]

1. e4 e5 2. Nf3 Nc6 3. Nc3 Nf6 4.
g3 Bc5 5. Bg2 d6 6. d3 a5 7. O-O O-O 8. Be3 Bxe3 9. fxe3 Ne7 10.
Nh4 Ng6 11. Nf5 Be6 12. Qf3 c6 13. h4 h5 14. Bh3 d5 15. Rad1 b5 16. exd5 Bxd5 17.
Nxd5 cxd5 18. e4 dxe4 19. dxe4 Qb6+ 20. Kg2 Rfd8 21. Ne3 Ne7 22. c3 Rxd1 23. Rxd1 Rd8 24. Kf1 b4 25. Bg2 bxc3 26. bxc3 Rxd1+ 27. Nxd1 Qb1 28.
Qe2 Ng4 29. Bf3 Nf6 30. Kg2 Qb6 31. Ne3 Qc5 32. Qd3 g6 33. c4 Kg7 34. Qe2 Qd4 35. Nc2 Qc5 36. Ne3 Ne8 37. g4 hxg4 38. Nxg4 Nd6 39.
Qd2 Nxc4 40. Qh6+ Kg8 41. Nf6# 1-0

[Event "Late-Titled-Tuesday-Blitz-December-26-2023"]
[Site "Chess.com"]
[Date "2023.12.26"]
[Round "5"]
[White "MaestroCheck"]
[Black "Rodalquilar"]
[Result "0-1"]
[WhiteElo "2578"]
[BlackElo "2758"]
[TimeControl "180+1"]
[EndTime "14:55:08 PST"]
[Termination "Rodalquilar won by resignation"]

1. e4 d5 2. exd5 Qxd5 3. Nf3 Bg4 4.
Nc3 Qe6+ 5. Qe2 Qxe2+ 6. Bxe2 Nc6 7.
h3 Bh5 8. d3 e6 9. Be3 Nf6 10.
Nd4 Nxd4 11. Bxd4 Bxe2 12. Kxe2 Be7 13. g4 O-O-O 14. Be3 Nd5 15. Nxd5 Rxd5 16. Rhg1 g5 17. Raf1 h5 18. f4 hxg4 19. hxg4 Rh2+ 20. Rf2 Rxf2+ 21. Kxf2 gxf4 22. Bxf4 Ra5 23. Ra1 Bf6 24. c3 Rb5 25. Bc1 a5 26. a4 Rd5 27. Ke2 Re5+ 28. Kf1 Bg5 29. d4 Bxc1 30. dxe5 Bxb2 31. Re1 Bxc3 32. Re3 Bd4 33. Rf3 b5 34. axb5 Bxe5 35. Rxf7 a4 36. g5 a3 37. Rf2 Bb2 38. Rf4 a2 39.
Ra4 a1=Q+ 40. Rxa1 Bxa1 41. Ke2 Kb7 42. Kd3 Kb6 43. Ke4 Kxb5 44. g6 Bg7 45. Kf4 c5 46. Ke4 0-1

[Event "Late-Titled-Tuesday-Blitz-December-26-2023"]
[Site "Chess.com"]
[Date "2023.12.26"]
[Round "5"]
[White "greekplayer1"]
[Black "Fh2411"]
[Result "0-1"]
[WhiteElo "2705"]
[BlackElo "2538"]
[TimeControl "180+1"]
[EndTime "14:55:10 PST"]
[Termination "Fh2411 won by resignation"]

1. e4 c6 2. d4 d5 3. exd5 cxd5 4. Bd3 Nc6 5. c3 Qc7 6. h3 g6 7. Nf3 Bf5 8. O-O Nf6 9. Na3 Bxd3 10. Qxd3 a6 11. Nc2 Bg7 12. Re1 e6 13. Be3 O-O 14. a3 Rfc8 15. Qd2 Ne4 16. Qc1 Na5 17. Bf4 Qb6 18. Rb1 Nc4 19. Ng5 Nxg5 20. Bxg5 Qb3 21. Ne3 Nxe3 22. Qxe3 b5 23. h4 h5 24. Bh6 Qc2 25. Bxg7 Kxg7 26. Qg3 Qf5 27. Rbc1 a5 28. Re5 Qf6 29. Rxh5 Rh8 30. Rg5 Rh6 31. Re1 Rah8 32. h5 Rxh5 33. Rxh5 Rxh5 34. Re3 Qf5 35. Qe5+ Qxe5 36.
dxe5 Rh4 37. g3 Rc4 38. b3 Rc6 39. Rd3 g5 40. Kg2 Kg6 41. f4 gxf4 42. gxf4 Kf5 43. Kf3 Rc8 44. b4 a4 45. Ke3 Rc4 46. Rd2 Rxc3+ 47.
Kd4 Rc4+ 48. Kd3 Rxf4 0-1

[Event "Late-Titled-Tuesday-Blitz-December-26-2023"]
[Site "Chess.com"]
[Date "2023.12.26"]
[Round "5"]
[White "AlexNovitz"]
[Black "powermove"]
[Result "1-0"]
[WhiteElo "2200"]
[BlackElo "2019"]
[TimeControl "180+1"]
[EndTime "14:55:10 PST"]
[Termination "AlexNovitz won on time"]

1. e4 e5 2. Nf3 Nc6 3. Bb5 Nf6 4. O-O Nxe4 5. d4 Nd6 6. Ba4 exd4 7. Re1+ Be7 8. Nxd4 O-O 9. Nc3 Nxd4 10. Qxd4 Bf6 11. Qg4 Ne8 12. Nd5 d6 13. Qf3 Be5 14. c3 c6 15. Nf4 Qh4 16. g3 Qf6 17. Bc2 g6 18.
Qg2 Bf5 19. Nd3 Bxd3 20. Bxd3 Qd8 21. f4 Bg7 22. f5 Nf6 23. Bg5 Qd7 24. Rad1 Rfe8 25. fxg6 hxg6 26. Rxe8+ Rxe8 27. Bf4 Nh5 28. Bc1 d5 29. c4 d4 30. Rf1 c5 31. Bg5 Bh8 32. g4 Ng7 33. h3 Ne6 34. Bf6 b6 35. Qf3 Bg7 36. h4 Bxf6 37. Qxf6 Qd6 38. Kg2 1-0

[Event "Late-Titled-Tuesday-Blitz-December-26-2023"]
[Site "Chess.com"]
[Date "2023.12.26"]
[Round "5"]
[White "zsoltkorpics"]
[Black "HajiyevKanan"]
[Result "1/2-1/2"]
[WhiteElo "2510"]
[BlackElo "2633"]
[TimeControl "180+1"]
[EndTime "14:55:11 PST"]
[Termination "Game drawn by repetition"]

1. e4 c6 2. Nf3 d5 3. Nc3 a6 4. d4 Bg4 5. h3 Bh5 6. e5 e6 7. Be2 c5 8. O-O Bxf3 9. Bxf3 cxd4 10. Qxd4 Nc6 11. Qe3 Nge7 12. Qe2 Ng6 13. Rd1 Be7 14. Bxd5 exd5 15. Nxd5 Qa5 16. c4 O-O 17. Bd2 Qd8 18.
Bc3 Qc8 19. Nb6 Qe6 20. Nxa8 Rxa8 21. Rd5 Nf4 22. Qe4 g5 23. Rad1 Qg6 24. Qxg6+ hxg6 25.
Rd7 Rb8 26. R1d2 Kf8 27. a3 a5 28. Kh2 Ke8 29. g3 Ne6 30. R7d5 b6 31. Kg2 a4 32.
Kf3 Rb7 33. Ke4 Nc5+ 34. Ke3 Nb3 35. Rd1 Bc5+ 36. Ke2 Rb8 37. f4 Ne7 38. R5d3 gxf4 39. gxf4 Nf5 40. Kf3 Nh4+ 41. Kg4 Nf5 42. Kf3 Rb7 43.
Rd8+ Ke7 44. R8d3 Nh4+ 45. Kg4 Nf5 46. Kf3 Nh4+ 47. Kg4 Nf5 48. Kf3 1/2-1/2

[Event "Late-Titled-Tuesday-Blitz-December-26-2023"]
[Site "Chess.com"]
[Date "2023.12.26"]
[Round "5"]
[White "GP9isback23"]
[Black "frederiksvane"]
[Result "1/2-1/2"]
[WhiteElo "2639"]
[BlackElo "2959"]
[TimeControl "180+1"]
[EndTime "14:55:12 PST"]
[Termination "Game drawn by repetition"]

1. d4 Nf6 2. Nf3 e6 3. c4 b6 4.
g3 Ba6 5. b3 Bb4+ 6. Bd2 Be7 7. Bg2 O-O 8. O-O d5 9. Ne5 Bb7 10. Bc3 Nbd7 11. Nd2 c5 12. Nxd7 Qxd7 13. e3 Rac8 14. Rc1 Rfd8 15. Qe2 dxc4 16. Nxc4 Bxg2 17. Kxg2 Nd5 18. Bb2 b5 19. Ne5 Qb7 20. Kg1 f6 21. Nf3 cxd4 22. Nxd4 Rxc1 23. Rxc1 Nc7 24. Qg4 Rd6 25.
Rxc7 Qxc7 26. Nxb5 Qd7 27. Nxd6 Bxd6 28. Qd4 Qc7 29.
Qc4 Qd7 30. Kg2 Kf7 31. Qd3 Qc6+ 32. e4 h5 33. h4 Be7 34. Qc4 Qd7 35. Qd4 Qc7 36.
Qc4 Qd7 37. Qd4 Qc7 38. Qc4 Qa5 39. Qe2 Qxa2 40. Qxh5+ Kf8 41. Qh8+ Kf7 42. Qh5+ Kf8 43.
Qh8+ Kf7 44. Qh5+ 1/2-1/2

[Event "Late-Titled-Tuesday-Blitz-December-26-2023"]
[Site "Chess.com"]
[Date "2023.12.26"]
[Round "5"]
[White "anasta10"]
[Black "thechesscorner64"]
[Result "1/2-1/2"]
[WhiteElo "2605"]
[BlackElo "2447"]
[TimeControl "180+1"]
[EndTime "14:55:12 PST"]
[Termination "Game drawn by repetition"]

1. Nf3 d5 2. d4 e6 3. c4 c5 4. Nc3 cxd4 5. Nxd4 Nc6 6. Nxc6 bxc6 7.
g3 Nf6 8. Bg2 Be7 9. O-O O-O 10.
b3 Ba6 11. Bb2 Rc8 12. cxd5 cxd5 13. Rc1 Bb4 14. a3 Be7 15. b4 Bc4 16. Qd2 a5 17. b5 Qb6 18. Rb1 Rfd8 19. Na4 Qa7 20. Bd4 Qb7 21. Qb2 Rb8 22. b6 Qa6 23. Rfe1 Ne8 24. Nc5 Bxc5 25. Bxc5 a4 26. e3 Bb3 27. Bd4 f6 28. f4 Rdc8 29. Rbc1 Qd3 30. Bf1 Qe4 31.
Qd2 Nd6 32. Bd3 Qf3 33. Qf2 Qh5 34. Be2 Qg6 35. Bf3 Ne4 36. Bxe4 Qxe4 37. Qg2 Qd3 38. Rxc8+ Rxc8 39. Qe2 Qe4 40. b7 Rb8 41. Qa6 Qc2 42.
Qd6 Rxb7 43. Qxe6+ Rf7 44. Qe8+ Rf8 45. Qe6+ Rf7 46.
Qe8+ Rf8 47. Qe6+ Rf7 1/2-1/2

[Event "Late-Titled-Tuesday-Blitz-December-26-2023"]
[Site "Chess.com"]
[Date "2023.12.26"]
[Round "5"]
[White "BilodeauA"]
[Black "DishonorOnYourCow"]
[Result "1-0"]
[WhiteElo "2892"]
[BlackElo "2560"]
[TimeControl "180+1"]
[EndTime "14:55:14 PST"]
[Termination "BilodeauA won by checkmate"]

1. e4 c5 2. Nf3 d6 3. Nc3 a6 4.
d4 cxd4 5. Nxd4 Nf6 6. Be2 e5 7. Nb3 Be7 8. O-O O-O 9. Kh1 b5 10. a4 b4 11. Nd5 Bb7 12. Nxe7+ Qxe7 13. f3 d5 14. Bg5 Nbd7 15. Na5 h6 16. Bh4 Nc5 17.
Nxb7 Qxb7 18. Bxf6 gxf6 19. exd5 Rad8 20. Bc4 Nd7 21.
a5 Nc5 22. Qd2 Kg7 23. Rad1 Ne6 24. Qd3 Nf4 25. Qe4 Rd6 26. g3 Ng6 27. h4 h5 28.
Kh2 Qd7 29. Bxa6 Rxa6 30. Qxb4 Rfa8 31. c4 Rxa5 32. Qc3 Ra2 33. c5 Qb5 34. Rf2 Rc8 35. Rc1 Ne7 36. d6 Nc6 37. f4 Ra4 38. b3 Rb4 39. Qf3 Rxb3 40. Qxh5 Nd4 41. Qg4+ Kh6 42.
fxe5 f5 43. Qxd4 Rg8 44. Qf4+ Kh7 45. Qxf5+ Rg6 46. Qxf7+ Kh6 47. Qf8+ Kh5 48. Rf5+ Kg4 49. Rg5+ Rxg5 50. Qf4+ Kh5 51. Qxg5# 1-0